 Dungeon Crawl Stone Soup version 0.18.1-48-g4cf74bf (webtiles) character file.

67 Heedrag the Conjurer (level 3, -1/19 HPs)
             Began as a Deep Elf Conjurer on Aug 15, 2016.
             Killed from afar by Natasha (8 damage)
             ... with a wand of flame
             ... on level 3 of the Dungeon.
             The game lasted 00:03:52 (1845 turns).

Heedrag the Conjurer (Deep Elf Conjurer)            Turns: 1845, Time: 00:03:53

Health: -1/19      AC:  3    Str:  6    XL:     3   Next: 98%
Magic:  7/10       EV: 13    Int: 19    God:
Gold:   67         SH:  0    Dex: 18    Spells: 1 memorised, 9 levels left

rFire  . . .     SeeInvis .     k - +0 quarterstaff (crush)
rCold  . . .     Gourm    .     a - +0 robe
rNeg   . . .     Faith    .     (shield currently unavailable)
rPois  .         Spirit   .     (no helmet)
rElec  .         Dismiss  .     n - +0 cloak
rCorr  .         Reflect  .     (no gloves)
SustAt .         Harm     .     (no boots)
MR     .....                    (no amulet)
Stlth  ++........               (no ring)
                                s - +3 ring of dexterity

@: not resistant to hostile enchantments, unstealthy
A: no striking features
a: no special abilities


You were on level 3 of the Dungeon.
You were not hungry.

You visited 1 branch of the dungeon, and saw 3 of its levels.

You collected 67 gold pieces.

Inventory:

Hand Weapons
 e - a +0 dagger
 k - a +0 quarterstaff of crushing (weapon)
Armour
 a - a +0 robe (worn)
 n - a +0 cloak (worn)
Jewellery
 s - a +3 ring of dexterity (left hand)
Scrolls
 f - a scroll of teleportation {unknown}
 h - a scroll of remove curse {unknown}
 l - a scroll of recharging {unknown}
 m - 4 scrolls of identify {unknown}
 p - a scroll of random uselessness {unknown}
 q - a scroll of fog {unknown}
Potions
 d - a potion of degeneration {unknown}
 j - a potion of brilliance {unknown}
 o - a potion of curing {unknown}
 t - 2 potions of berserk rage {unknown}
Books
 b - a book of Conjurations

   Spells                             Type                      Level
   a - Magic Dart                     Conjuration                  1
   b - Searing Ray                    Conjuration                  2
   c - Dazzling Spray                 Conjuration/Hexes            3
   d - Fulminant Prism                Conjuration/Hexes            4
   e - Iskenderun's Mystic Blast      Conjuration                  4
   f - Iskenderun's Battlesphere      Conjuration/Charms           5
Comestibles
 c - a bread ration
 g - a meat ration
 i - a beef jerky
 r - a chunk of flesh


   Skills:
 - Level 2.4 Dodging
 - Level 2.4 Stealth
 + Level 4.4 Spellcasting
 * Level 5.4 Conjurations


You had 9 spell levels left.
You knew the following spells:

 Your Spells              Type           Power        Failure   Level  Hunger
a - Magic Dart            Conj           ###.         1%          1    None


Dungeon Overview and Level Annotations

Branches:
Dungeon (3/15)

Altars:
Elyvilon
Yredelemnul

Annotations:
D:3 Natasha


Message History

Natasha casts a spell at ye.
Tha magic dart hits ye!
Castin': Magic Dart Confirm wit' . or Enter, or press ? or * ta list all spells.
Aimin': Magic Dart
Press: ? - help, Shift-Dir - straight line, f/p - Natasha
Aim: Natasha, carryin' a wand o' flame {zapped: 1} (moderately wounded) Tha magic dart hits Natasha.
Natasha be heavily wounded.
Natasha moves outta view.
Castin': Magic Dart Confirm wit' . or Enter, or press ? or * ta list all spells.
Ye cannae see any susceptible monsters within range! (Use Z ta cast anyway.) Unknown command.
Castin': Magic Dart Confirm wit' . or Enter, or press ? or * ta list all spells.
Ye cannae see any susceptible monsters within range! (Use Z ta cast anyway.) Unknown command.
Natasha zaps a wand.
Tha puff o' flame hits ye!
Ye die...

................
..#............. .... ..
..###.##..##..# ...#...
..# #.#.......###...#.##
..###...................
...........#........#...
..##.###...#............
####.###...............#
≈#......).......@.......
≈#...###...#..#.#...#h.#
..#....................#
.....###............#..#
..#........#.).........#
≈##...##...............?
≈##...##.#.##.###.###..#
###...........# .# ..#
....####.####.# .#


You could see Natasha.

Vanquished Creatures
  2 dart slugs (D:1)
  4 giant geckos
  6 orcs (D:3)
  7 bats
  3 giant cockroaches
  3 goblins (D:1)
  5 hobgoblins
  2 jackals (D:1)
  A ball python (D:2)
  4 giant newts
  9 kobolds
  2 rats
48 creatures vanquished.

Notes
Turn   | Place    | Note
--------------------------------------------------------------
     0 | D:1      | Heedrag the Deep Elf Conjurer began the quest for the Orb.
     0 | D:1      | Reached XP level 1. HP: 10/10 MP: 6/6
   155 | D:1      | Reached XP level 2. HP: 15/15 MP: 4/8
   584 | D:1      | Reached XP level 3. HP: 19/19 MP: 7/10
   835 | D:2      | Found a basalt altar of Yredelemnul.
   892 | D:2      | Reached skill level 5 in Conjurations
  1795 | D:3      | Found a white marble altar of Elyvilon.
  1842 | D:3      | Noticed Natasha
  1845 | D:3      | Killed from afar by Natasha

Skill      XL: |  1  2  3 |
---------------+----------+-----
Spellcasting   | 4 |  4.4
Conjurations   | 5 |  5.4
Dodging        | |  2.4
Stealth        | |  2.4

Action                   || total
-------------------------++-------
Melee: Quarterstaff      ||    16
 Cast: Magic Dart        ||    85
  Eat: Chunk             ||     3
Armor: Robe              ||     7
Dodge: Dodged            ||    23
